 Dungeon Crawl Stone Soup version 0.21.1-1-g345015f (webtiles) character file.

90 Kairos the Charmwright (level 4, -5/33 HPs)
             Began as a Demonspawn Skald on Mar 26, 2018.
             Killed by nerve-wracking pain
             ... invoked by an orc priest
              (7 damage)
             ... on level 3 of the Dungeon.
             The game lasted 00:03:10 (1969 turns).

Kairos the Charmwright (Demonspawn Skald)           Turns: 1969, Time: 00:03:11

Health: -5/33      AC:  6    Str: 15    XL:     4   Next: 32%
Magic:  0/7        EV: 12    Int: 14    God:
Gold:   137        SH:  0    Dex: 13    Spells: 6/7 levels left

rFire    . . .     SeeInvis .   p - -1 war axe (curse)
rCold    . . .     Gourm    .   (no shield)
rNeg     + . .     Faith    .   b - +0 leather armour
rPois    .         Spirit   +   (no helmet)
rElec    .         Reflect  .   g - +0 cloak
rCorr    .         Harm     .   (no gloves)
MR       .....                  (no boots)
Stlth    +.........             (no amulet)
HPRegen  0.11/turn              l - +3 ring of strength
MPRegen  0.10/turn              q - ring of positive energy

@: infused
A: molten scales 1, magic shield
a: no special abilities


You were on level 3 of the Dungeon.
You were hungry.

You visited 1 branch of the dungeon, and saw 3 of its levels.

You collected 137 gold pieces.

Inventory:

Hand Weapons
 a - a +0 mace
 p - a cursed -1 war axe (weapon)
Armour
 b - a +0 leather armour (worn)
 g - a +0 cloak (worn)
Jewellery
 l - a +3 ring of strength (left hand)
 q - a ring of positive energy (right hand)
Scrolls
 e - a scroll of blinking
 f - a scroll of remove curse
 k - 2 scrolls of teleportation
 m - a scroll of magic mapping {unknown}
 n - 2 scrolls of amnesia {unknown}
 r - a scroll of immolation {unknown}
 s - 3 scrolls of identify
 u - a scroll of enchant weapon {unknown}
Potions
 h - a potion of curing {unknown}
 i - a potion of flight
 j - a potion of magic
 o - a potion of haste
 v - a potion of heal wounds {unknown}
Books
 c - a book of Battle

   Spells                             Type                      Level
   a - Infusion                       Charms                       1
   b - Shroud of Golubria             Charms/Translocation         2
   c - Song of Slaying                Charms                       2
   d - Spectral Weapon                Hexes/Charms                 3
   e - Regeneration                   Charms/Necromancy            3
Comestibles
 d - 9 rations
 t - 3 chunks of flesh


   Skills:
 + Level 2.3 Fighting
 + Level 0.9(1.9) Axes
 + Level 2.6(2.7) Maces & Flails
 + Level 1.5 Armour
 + Level 2.0 Dodging
 + Level 0.1 Stealth
 + Level 2.3 Spellcasting
 + Level 3.1 Charms


You had 6 spell levels left.
You knew the following spells:

 Your Spells              Type           Power        Failure   Level  Hunger
a - Infusion              Chrm           ##..         8%          1    #......


Dungeon Overview and Level Annotations

Branches:
Dungeon (3/15)

Altars:


Innate Abilities, Weirdness & Mutations

You are partially covered in molten scales. (AC +2)
When hurt, damage is shared between your health and your magic reserves.


Message History

The orc priest invokes the aid of Beogh against you.
Pain shoots through your body!
* * * LOW HITPOINT WARNING * * *
The orc priest calls upon Beogh to heal the orc priest.
The orc priest is healed somewhat.
The orc closely misses you.
You hit the orc priest.
The orc priest is severely wounded.
You hit the orc.
You kill the orc!
The orc priest hits you but does no damage.
You hit the orc priest.
You kill the orc priest!
You have reached level 4!
You feel stronger.
Your demonic ancestry asserts itself...
Molten scales grow over part of your body.
You barely miss the orc priest. The orc priest closely misses you.
You closely miss the orc priest.
The orc priest mumbles some strange prayers to Beogh against you.
Pain shoots through your body!
You die...

.#### #... #....
#.[.# # ....
#.#...# .# ...
#.#...# #.# ..
#.#...# ... .
......#.#...##.#
#
.....#.#...)o.#
### ....#.#...@#
..# ...#.###..#
..# [.#......#
..# #.#.###..#
..# #.#'###..#
..# #........#
'### #........#
...# #......#.#
...#
###......+...


You could see an orc priest.

Vanquished Creatures
  An orc priest (D:3)
  A worm (D:2)
  2 dart slugs (D:1)
  A leopard gecko (D:2)
  4 orcs (D:3)
  6 bats
  3 giant cockroaches
  7 goblins
  5 hobgoblins
  8 kobolds
  A quokka (D:2)
  A ball python (D:2)
  2 frilled lizards
  5 rats
47 creatures vanquished.

Notes
Turn   | Place    | Note
-------+----------+-------------------------------------------
     0 | D:1      | Kairos the Demonspawn Skald began the quest for the Orb.
     0 | D:1      | Reached XP level 1. HP: 16/16 MP: 3/3
    39 | D:1      | Gained mutation: When hurt, damage is shared between your health and your magic reserves. [demonic ancestry]
    39 | D:1      | Reached XP level 2. HP: 9/22 MP: 0/5
   227 | D:1      | Reached skill level 1 in Armour
   227 | D:1      | Reached skill level 3 in Charms
  1131 | D:2      | Reached XP level 3. HP: 27/27 MP: 6/6
  1965 | D:3      | HP: 1/27 [orc priest/nerve-wracking pain (2)]
  1967 | D:3      | Gained mutation: You are partially covered in molten scales. (AC +2) [demonic ancestry]
  1967 | D:3      | Reached XP level 4. HP: 2/33 MP: 0/7
  1969 | D:3      | Killed from afar by an orc priest

Skill      XL: |  1  2  3 |
---------------+----------+-----
Armour         | 1 |  1.5
Charms         | 3 |  3.1
Maces & Flails | 2 |  2.6
Dodging        | 2 |  2.0
Fighting       | |  2.3
Axes           | |  0.9
Stealth        | |  0.1
Spellcasting   | |  2.3

Action                   |  1- 3 |  4- 6 || total
-------------------------+-------+-------++-------
Melee: Mace              |   133 |       ||   133
       War axe           |    19 |     2 ||    21
 Cast: Infusion          |     2 |       ||     2
  Use: Scroll            |     7 |       ||     7
 Stab: Sleeping          |     2 |       ||     2
  Eat: Chunk             |     3 |       ||     3
Armor: Leather armour    |    44 |       ||    44
Dodge: Dodged            |   120 |     1 ||   121
